 Dungeon Crawl Stone Soup version 0.31.0-11-ge490571c62 (webtiles) character file.

Game seed: 6667538405516860073

9489 Gadfly the Martial Artist (level 11, 0/83 HPs)
             Began as a Demonspawn Monk on Feb 1, 2024.
             Was a Priest of Nemelex Xobeh.
             Shot with an arrow by a centaur warrior (25 damage)
             ... on level 9 of the Dungeon.
             The game lasted 00:22:13 (7939 turns).

Gadfly the Martial Artist (Demonspawn Monk)         Turns: 7939, Time: 00:22:13

Health: 0/83       AC: 13    Str: 16    XL:     11   Next: 23%
Magic:  16/16      EV: 20    Int: 10    God:    Nemelex Xobeh [***...]
Gold:   309        SH:  4    Dex: 16    Spells: 4/10 levels left

rFire   . .          .
                       - Unarmed
rCold   + + .        (no shield)
rNeg    . . .        G - +0 steam dragon scales
rPois   .            (helmet restricted)
rElec   .            n - scarf {harm}
rCorr   .            w - +1 pair of gloves
SInv    +            (no boots)
Will    .....        (no amulet) Stlth
                     o - +5 ring of evasion
HPRegen 0.33/turn    q - ring of the Aged Geomancers {Fly rC++ SInv Stlth-}
MPRegen 0.15/turn

%: harm (+30% outgoing, +20% incoming)
@: flying
A: horns 2, icy blue scales 1, icemail 1, powered by death 2, condensation
shield
a: Renounce Religion, Draw Escape, Draw Destruction, Draw Summoning, Triple Draw


You were on level 9 of the Dungeon.
You worshipped Nemelex Xobeh.
Nemelex Xobeh was most pleased with you.
You visited 2 branches of the dungeon, and saw 10 of its levels.

You collected 495 gold pieces.
You spent 186 gold pieces at shops.

Inventory:

Hand Weapons
 b - a +4 flail of protection
 v - a +4 heavy falchion
Armour
 c - an orb of light
 g - the +2 leather armour of Sesink {rF+ Will+}
   (You found it on level 3 of the Dungeon)

   rF+:       It protects you from fire.
   Will+:     It increases your willpower.
 n - a scarf of harm (worn)
 r - a +2 robe of fire resistance
 w - a +1 pair of gloves (worn)
 G - +0 steam dragon scales (worn)
Jewellery
 o - a +5 ring of evasion (left hand)
 q - the ring of the Aged Geomancers (right hand) {Fly rC++ SInv Stlth-}
   (You found it on level 4 of the Dungeon)

   [ring of flight]

   rC++:      It greatly protects you from cold.
   SInv:      It lets you see invisible.
   Fly:       It grants you flight.
   Stlth-:    It makes you less stealthy.
 D - an amulet of the acrobat
 E - an amulet of regeneration
Talismans
 h - a granite talisman
 i - a talisman of death
Wands
 s - a wand of paralysis (12)
 u - a wand of flame (27) (quivered)
 z - a wand of digging (5)
Scrolls
 l - a scroll of enchant weapon
 m - 2 scrolls of teleportation
 p - a scroll of fog
 x - a scroll of fear
 y - 2 scrolls of blinking
 A - a scroll of identify
 C - a scroll of immolation
 F - 2 scrolls of revelation
Potions
 a - a potion of ambrosia
 e - a potion of resistance
 f - 5 potions of curing
 j - a potion of haste
 k - a potion of might
 t - 2 potions of lignification


   Skills:
 + Level 6.5 Fighting
 * Level 7.0 Dodging
 * Level 8.2 Unarmed Combat
 + Level 7.9 Invocations
 + Level 6.9 Evocations
 * Level 7.0 Shapeshifting


You had 4 spell levels left.
You knew the following spells:

 Your Spells              Type           Power      Damage    Failure   Level
a - Swiftness             Air            0%         N/A       75%         3
b - Passwall              Erth           0%         N/A       75%         3

Your spell library contained the following spells:

 Spells                   Type           Power      Damage    Failure   Level
 Freeze                   Ice            0%         1d3       36%         1
 Summon Small Mammal      Summ           0%         N/A       36%         1
 Ensorcelled Hibernation  Hex/Ice        0%         N/A       50%         2
 Sublimation of Blood     Necr           0%         N/A       50%         2
 Frozen Ramparts          Ice            0%         1d1       75%         3
 Hailstorm                Conj/Ice       0%         3d5       75%         3
 Summon Ice Beast         Ice/Summ       0%         N/A       75%         3
 Ignite Poison            Fire/Alch      0%         N/A       98%         4
 Leda's Liquefaction      Alch/Erth      0%         N/A       98%         4
 Petrify                  Alch/Erth      0%         N/A       98%         4
 Sticky Flame             Fire/Alch      0%         2d4       98%         4
 Alistair's Intoxication  Alch           0%         N/A       100%        5
 Irradiate                Conj/Alch      0%         3d11      100%        5
 Haunt                    Necr/Summ      0%         N/A       100%        7
 Ignition                 Fire           0%         3d3       100%        8


Dungeon Overview and Level Annotations

Branches:
Dungeon (9/15)             Temple (1/1) D:5            Lair (0/5) D:8
    Orc: D:9-12

Altars:
Ashenzari
Cheibriados
Dithmenos
Fedhas
Hepliaklqana
Kikubaaqudgha
Makhleb
Nemelex Xobeh
Okawaru
Sif Muna
Trog
Uskayaw
Vehumet
Wu Jian
Yredelemnul

Shops:
D:7 ?   D:8 :


Innate Abilities, Weirdness & Mutations

You have a pair of horns on your head.
You are partially covered in icy blue scales. (AC +2)
A meltable icy envelope protects you from harm. (AC +4)
You regenerate health from kills.
A meltable shield of frost defends you. (SH +4)


Message History

The centaur warrior is moderately wounded.
The centaur warrior hits you with a +2 long sword of freezing!
* * * LOW HITPOINT WARNING * * *
The centaur warrior freezes you.
* * * LOW HITPOINT WARNING * * *
You block the centaur warrior's attack.
You draw a card...
You have drawn the Storm.
A fierce wind blows from the card.
The kobold demonologist is knocked back by the gust of wind.
The wraith is knocked back by the gust of wind.
The centaur warrior is knocked back by the gust of wind.
The centaur warrior slams into the stone wall!
The centaur warrior is heavily wounded.
The electrical discharge engulfs the kobold demonologist!
The kobold demonologist is heavily wounded.
The electrical discharge engulfs the wraith!
The wraith is moderately damaged.
You hear mighty peals of thunder!
You hear a shout! x2; You hear a bellow! x2; You hear a shout!
You block the centaur warrior's attack.
The centaur warrior kicks you but does no damage.
You draw a card...
You have drawn the Orb.
Press: ? - help, Shift-Dir - straight line, f - kobold demonologist
Aim: a kobold demonologist, wielding a +0 dagger and wearing a +0 robe (heavily wounded)
Your orb of destruction hits a stone wall. x2
The wavering orb of destruction weakly hits the centaur warrior!
The centaur warrior is severely wounded.
You hear a croak.
You block the centaur warrior's attack.
The centaur warrior kicks you but does no damage.
Your orb of destruction hits a stone wall.
The centaur warrior hits you but does no damage.
The centaur warrior kicks you but does no damage.
Your orb of destruction hits a stone wall. x2
Your orb of destruction hits a stone wall.
The centaur warrior unwields a +2 long sword of freezing.
The centaur warrior wields a +0 shortbow.
The centaur warrior shoots an arrow.
The arrow hits you!!
You die...
Your body glows slightly and disappears.

###... ###.##....#.. #
#$##.##)####..##.##.
#. #.#.#.##.#....#.# .
#..##...##..#)##.#...
......⌠...).††#......
#..##...##..#.#.......
#.#.#.##.#...#.....
#)##°##.####..##....
###@°.### ##..#....
#○.○☼○# ##.....#
###c### ##.# #W# #.
... ##.## #K# ... .#.


You could see a centaur warrior, a kobold demonologist and a wraith.

Vanquished Creatures
  2 two-headed ogres (D:8)
  Pikel (D:5)
  A cyclops (D:9)
  A kobold demonologist (D:9)
  A rime drake (D:8)
  Psyche (D:8)
  Sigmund (D:4)
  A wraith (D:7)
  A yak (D:9)
  A steam dragon (D:9)
  Menkaure (D:4)
  A water moccasin (D:8)
  3 orc warriors
  A sky beast (D:7)
  3 black bears
  10 ice beasts
  An ogre (D:6)
  A wolf (D:8)
  A centaur (D:9)
  2 lemures
  A phantom (D:5)
  3 kobold brigands
  6 bullfrogs
  A scorpion (D:7)
  A necrophage (D:5)
  3 wights
  4 killer bees (D:9)
  A jelly (D:8)
  A bombardier beetle (D:5)
  A gnoll bouda (D:6)
  A hound (D:3)
  3 orc priests (D:6)
  An iguana (D:6)
  Ijyb (D:5)
  Terence (D:3)
  5 orc wizards
  A hound skeleton (D:5)
  9 gnolls
  8 adders
  2 shadow imps
  A white imp (D:5)
  3 dart slugs
  2 ribbon worms
  18 orcs
  5 ball pythons
  11 endoplasms
  4 giant cockroaches
  8 goblins
  4 hobgoblins
  11 jackals (D:1)
  18 kobolds
  5 quokkas
  4 bats
  6 frilled lizards
  5 rats
194 creatures vanquished.

Vanquished Creatures (collateral kills)
  A hydra (D:9)
  A centaur warrior (D:9)
  A two-headed ogre (D:9)
  A manticore (D:9)
  A wraith (D:9)
  A steam dragon (D:9)
6 creatures vanquished.

Vanquished Creatures (others)
  An orc (D:4)
1 creature vanquished.

Grand Total: 201 creatures vanquished

Notes
Turn   | Place    | Note
-------+----------+-------------------------------------------
     0 | D:1      | Gadfly the Demonspawn Monk began the quest for the Orb.
     0 | D:1      | Reached XP level 1. HP: 18/18 MP: 1/1
   198 | D:1      | Reached skill level 1 in Invocations
   198 | D:1      | Gained mutation: A meltable shield of frost defends you.
                  | (SH +4) [demonic ancestry]
   198 | D:1      | Reached XP level 2. HP: 20/24 MP: 2/2
   469 | D:1      | Reached skill level 3 in Unarmed Combat
   469 | D:1      | Reached skill level 1 in Evocations
   690 | D:1      | Gained mutation: You are partially covered in icy blue
                  | scales. (AC +2) [demonic ancestry]
   690 | D:1      | Reached XP level 3. HP: 29/29 MP: 4/4
   732 | D:1      | Reached skill level 1 in Shapeshifting
   795 | D:2      | Found a bloodstained altar of Trog.
   918 | D:2      | Reached XP level 4. HP: 26/35 MP: 3/5
  1685 | D:3      | Identified the +2 leather armour of Sesink {rF+ Will+}
  2125 | D:3      | Gained mutation: You regenerate a little health from kills.
                  | [demonic ancestry]
  2125 | D:3      | Reached XP level 5. HP: 36/41 MP: 4/7
  2235 | D:3      | Noticed Terence
  2252 | D:3      | Killed Terence
  2391 | D:3      | Found an ornate altar of the Wu Jian Council.
  2895 | D:4      | Noticed Menkaure
  2909 | D:4      | Killed Menkaure
  2910 | D:4      | Gained mutation: You have a pair of small horns on your
                  | head. [demonic ancestry]
  2910 | D:4      | Reached XP level 6. HP: 35/47 MP: 3/8
  2955 | D:4      | Found a snail-covered altar of Cheibriados.
  2972 | D:4      | Identified the ring of the Aged Geomancers {Fly rC++ SInv
                  | Stlth-}
  3021 | D:4      | Noticed Sigmund
  3048 | D:4      | Killed Sigmund
  3049 | D:4      | Reached skill level 4 in Unarmed Combat
  3049 | D:4      | Reached XP level 7. HP: 52/52 MP: 9/9
  3283 | D:5      | Entered Level 5 of the Dungeon
  3335 | D:5      | Noticed Ijyb
  3375 | D:5      | Killed Ijyb
  3737 | D:5      | Got the Incunabulum of United Synthesis
  3763 | D:5      | Found a hazy altar of Hepliaklqana.
  3766 | D:5      | Found an iron altar of Okawaru.
  3766 | D:5      | Found a shadowy altar of Dithmenos.
  3767 | D:5      | Found a shimmering blue altar of Sif Muna.
  3776 | D:5      | Found an ancient bone altar of Kikubaaqudgha.
  3866 | D:5      | Noticed Pikel
  3951 | D:4      | Learned a level 3 spell: Swiftness
  3955 | D:4      | Learned a level 3 spell: Passwall
  4002 | D:5      | Found a staircase to the Ecumenical Temple.
  4011 | Temple   | Entered the Ecumenical Temple
  4033 | Temple   | Became a worshipper of Nemelex Xobeh the Trickster
  4033 | Temple   | Reached * piety under Nemelex Xobeh
  4033 | Temple   | Received a gift from Nemelex Xobeh
  4033 | Temple   | Received a gift from Nemelex Xobeh
  4033 | Temple   | Reached ** piety under Nemelex Xobeh
  4188 | D:5      | Received a gift from Nemelex Xobeh
  4270 | D:5      | Gained mutation: You have a pair of horns on your head.
                  | [demonic ancestry]
  4270 | D:5      | Reached XP level 8. HP: 41/60 MP: 8/11
  4406 | D:5      | Killed Pikel
  4407 | D:5      | Reached skill level 5 in Unarmed Combat
  4466 | D:5      | Found a burning altar of Makhleb.
  4531 | D:5      | Reached skill level 5 in Invocations
  4783 | D:6      | Reached skill level 5 in Dodging
  4783 | D:6      | Reached skill level 5 in Evocations
  4910 | D:6      | Reached XP level 9. HP: 66/66 MP: 12/12
  5026 | D:6      | Found a basalt altar of Yredelemnul.
  5577 | D:6      | Reached *** piety under Nemelex Xobeh
  5927 | D:7      | Reached skill level 6 in Unarmed Combat
  6101 | D:7      | Received a gift from Nemelex Xobeh
  6184 | D:7      | Found Muhofrui's Magic Scroll Shoppe.
  6198 | D:7      | Reached skill level 5 in Shapeshifting
  6200 | D:7      | Bought a scroll of brand weapon for 104 gold pieces
  6200 | D:7      | Bought a scroll of revelation for 82 gold pieces
  6446 | D:7      | Reached skill level 5 in Fighting
  6662 | D:8      | Noticed a rime drake
  6663 | D:8      | Noticed Psyche
  6663 | D:8      | Found a staircase to the Lair.
  6682 | D:8      | Killed a rime drake
  6710 | D:8      | Killed Psyche
  6711 | D:8      | Gained mutation: You regenerate health from kills. [demonic
                  | ancestry]
  6711 | D:8      | Reached XP level 10. HP: 37/74 MP: 14/14
  7051 | D:8      | Found a radiant altar of Vehumet.
  7052 | D:8      | Found Jueqom's Tiny Tomes.
  7077 | D:8      | Reached skill level 7 in Unarmed Combat
  7078 | D:8      | Noticed a two-headed ogre
  7088 | D:8      | Killed a two-headed ogre
  7293 | D:8      | Noticed a two-headed ogre
  7304 | D:8      | Killed a two-headed ogre
  7650 | D:9      | Noticed a rust devil
  7852 | D:9      | Received a gift from Nemelex Xobeh
  7864 | D:9      | Noticed a centaur warrior
  7864 | D:9      | Noticed a two-headed ogre
  7866 | D:9      | Identified the -1 quarterstaff of Mayhem {freeze, rF+ rN+
                  | Str+2 Dex+4}
  7870 | D:9      | Noticed a manticore
  7882 | D:9      | Killed a centaur warrior
  7885 | D:9      | Killed a two-headed ogre
  7886 | D:9      | Gained mutation: A meltable icy envelope protects you from
                  | harm. (AC +4) [demonic ancestry]
  7886 | D:9      | Reached XP level 11. HP: 62/81 MP: 16/16
  7887 | D:9      | Reached skill level 8 in Unarmed Combat
  7902 | D:9      | Noticed an eight-headed hydra
  7908 | D:9      | Killed an eight-headed hydra
  7925 | D:9      | Noticed a centaur warrior
  7939 | D:9      | Shot with an arrow by a centaur warrior

Illustrated notes

Levels and vault maps discovered:
D:1:      dpeg_arrival_water_temple_mockup, layout_basic, chequers_jeans
D:2:      layout_rooms, basic_altar, serial_curves, eino_curves_03,
          eino_curves_01
D:3:      layout_basic, nzn_wu_jian_council_hall,
          chequers_serial_rivers_micro_a, st_stairs_6, uniq_terence
D:4:      layout_basic, nicolae_overflow_crystal_walls, hex_intersection,
          uniq_sigmund, uniq_menkaure
D:5:      layout_cave_pools, makhleb_blood_cavern_becter,
          grunt_temple_overflow_open, minmay_temple_entry_purple_smoke,
          uniq_pikel, uniq_ijyb
D:6:      layout_basic, kennysheep_ying_yang, dreamdust_wishing_well
D:7:      layout_basic, serial_shops, shop, hangedman_abyss_or_decor_passed
D:8:      layout_loops_ring, vehumet_altar_wand_db, hellmonk_lair_entry_icy,
          skrybe_limestone_x, nicolae_shop_i_like_small_books_too, uniq_psyche
D:9:      minmay_the_grid_octo_2x2 [minmay_the_grid_octo_clover_2,
          minmay_the_grid_octo_tetromino_candy, minmay_the_grid_octo_focus,
          minmay_the_grid_octo_prize_square_snowflake], layout_basic,
          nicolae_gozag_seed_capital, mainiacjoe_overflow_surrounded_room,
          serial_shops, nicolae_shop_hallway_plus
Temple:   hellmonk_temple_of_storms

Skill      XL: |  1  2  3  4  5  6  7  8  9 10 11 |
---------------+----------------------------------+-----
Invocations    | 1 2 3 4 5 6 7 |  7.9
Unarmed Combat | 3 4 5 6 7 8 |  8.2
Evocations     | 1 2 3 4 5 6 |  6.9
Shapeshifting  | 1 2 3 4 5 6 7 |  7.0
Dodging        | 3 4 5 6 7 |  7.0
Fighting       | 4 5 6 |  6.5

Action                     |  1- 3 |  4- 6 |  7- 9 | 10-12 || total
---------------------------+-------+-------+-------+-------++-------
  Melee: Unarmed           |   162 |   237 |   475 |   134 ||  1008
         Punch             |       |     4 |    14 |    10 ||    28
         Headbutt          |       |     7 |   117 |    35 ||   159
 Invoke: Draw Destruction  |       |       |       |     5 ||     5
         Draw Summoning    |       |       |       |     2 ||     2
  Evoke: Wand              |       |       |     1 |     1 ||     2
    Use: Scroll            |     2 |     7 |     9 |     1 ||    19
         Potion            |       |     1 |     2 |     1 ||     4
   Stab: Sleeping          |       |     1 |       |       ||     1
         Paralysed         |       |       |     2 |       ||     2
 Armour: Robe              |     8 |       |       |       ||     8
         Quicksilver drago |   119 |    28 |       |       ||   147
         Leather armour    |       |    49 |   155 |    30 ||   234
         Skin              |       |     3 |       |       ||     3
         Steam dragon scal |       |       |       |    40 ||    40
  Dodge: Dodged            |   133 |   142 |   310 |   115 ||   700
  Block: Other             |    12 |    31 |    63 |    22 ||   128
